 Dungeon Crawl Stone Soup version 0.22-a0-565-gfc6459a (webtiles) character file.

802942 inc the Cutthroat (level 27, -15/202 (203) HPs)
             Began as a Gnoll Skald on June 27, 2018.
             Was the Champion of the Shining One.
             Killed from afar by a hellion (21 damage)
             ... with damnation
             ... on level 6 of Tartarus on June 28, 2018.
             The game lasted 06:17:58 (85030 turns).

inc the Cutthroat (Gnoll Skald)                    Turns: 85030, Time: 06:17:58

HP:   -15/202 (203) AC: 38    Str: 22    XL:     27
MP:   42/42         EV: 21    Int: 42    God:    the Shining One [******]
Gold: 4501          SH: 21    Dex: 16    Spells: 4/66 levels left

rFire    + + .     SeeInvis .   S - +9 broad axe (holy)
rCold    + . .     Gourm    .   H - +5 shield {rF+}
rNeg     + + +     Faith    .   r - +8 chain mail of Vaczischi {Int+4}
rPois    +         Spirit   .   Z - +2 helmet of Focus {rC+ Str+4 Slay+3 Stlth+}
rElec    +         Reflect  .   F - +2 cloak "Bovel" {rN+ Dex+2 Slay+3}
rCorr    .         Harm     .   i - +0 pair of gloves of the Everdark {rElec rPois Str+2}
MR       ++++.                  M - +2 pair of boots {Stlth+}
Stlth    +++.......             y - amulet of Gozag's Esteem {Regen+ Int+2}
HPRegen  0.83/turn              f - ring of Jateruge {rPois rF+ Int+6 Stlth+}
MPRegen  0.28/turn              P - ring of the Mage {Wiz MR++ Int+3}

@: very slightly contaminated, hasted, glowing, studying 5 skills, very quick
A: distributed training, fangs 1, yellow scales 1, frail 1, low mp 1,
electricity resistance, strong nose
}: 5/15 runes: decaying, slimy, silver, obsidian, gossamer
a: Divine Shield, Cleansing Flame, Summon Divine Warrior, Renounce Religion


You were on level 6 of Tartarus.
You worshipped the Shining One.
The Shining One was exalted by your worship.
You were not hungry.

You visited 16 branches of the dungeon, and saw 75 of its levels.
You visited the Abyss 1 time.
You also visited: Bailey and Ice Cave.

You collected 34141 gold pieces.
You spent 13930 gold pieces at shops.
You paid 15710 gold pieces to Gozag.

Inventory:

Hand Weapons
 a - the +8 autumn katana {slice, Clar}
   (You bought it in a shop on level 2 of the Orcish Mines)

   It inflicts extra damage upon your enemies.
   It protects you against confusion.
 S - a +9 broad axe of holy wrath (weapon)
 V - the +4 rapier of Neelanuh {venom, rC+ Int+9}
   (You found it on level 1 of the Elven Halls)

   It poisons the flesh of those it strikes.
   It affects your intelligence (+9).
   It protects you from cold.
Armour
 i - the +0 pair of gloves of the Everdark (worn) {rElec rPois Str+2}
   (You found it on level 3 of the Depths)

   It affects your strength (+2).
   It insulates you from electricity.
   It protects you from poison.
 r - the +8 chain mail of Vaczischi (worn) {Int+4}
   (You bought it in a shop on level 11 of the Dungeon)

   It affects your intelligence (+4).
 F - the +2 cloak "Bovel" (worn) {rN+ Dex+2 Slay+3}
   (You found it on level 8 of the Dungeon)

   It affects your dexterity (+2).
   It affects your accuracy and damage with ranged weapons and melee attacks
   (+3).
   It protects you from negative energy.
 H - a +5 shield of fire resistance (worn)
 M - a +2 pair of boots of stealth (worn)
 Z - the +2 helmet of Focus (worn) {rC+ Str+4 Slay+3 Stlth+}
   (You found it on level 6 of the Lair of Beasts)

   It affects your strength (+4).
   It affects your accuracy and damage with ranged weapons and melee attacks
   (+3).
   It protects you from cold.
   It makes you more stealthy.
Jewellery
 b - the ring of Deimon {Wiz rF+}
   (You bought it in a shop on level 10 of the Dungeon)

   [ring of wizardry]

   It improves your spell success rate.
   It protects you from fire.
 e - the amulet of the Air {Inacc +Fly rElec EV+5 RMsl}
   (You found it on level 5 of the Pits of Slime)

   [amulet of inaccuracy]

   It reduces the accuracy of all your attacks.
   It affects your evasion (+5).
   It insulates you from electricity.
   It lets you fly.
   It protects you from missiles.
 f - the ring of Jateruge (left hand) {rPois rF+ Int+6 Stlth+}
   (You bought it in a shop on level 2 of the Orcish Mines)

   [ring of stealth]

   It affects your intelligence (+6).
   It protects you from fire.
   It protects you from poison.
   It makes you more stealthy.
 m - the ring "Bintygan" {rF++ rC+ Int-4 Stlth+}
   (You bought it in a shop on level 10 of the Dungeon)

   [ring of stealth]

   It affects your intelligence (-4).
   It greatly protects you from fire.
   It protects you from cold.
   It makes you more stealthy.
 t - the ring of Dithmenos's Anger {rCorr rElec}
   (You bought it in a shop on level 10 of the Dungeon)

   [ring of resist corrosion]

   It insulates you from electricity.
 y - the amulet of Gozag's Esteem (around neck) {Regen+ Int+2}
   (You took it off a vault warden on level 5 of the Vaults)

   [amulet of regeneration]

   It affects your intelligence (+2).
   It increases your rate of regeneration.
 C - the ring "Pioh Kurgh" {rPois rC+ EV+4 Str+3 SInv}
   (You acquired it on level 14 of the Dungeon)

   [ring of evasion]

   It affects your evasion (+4).
   It affects your strength (+3).
   It protects you from cold.
   It protects you from poison.
   It lets you see invisible.
 O - the cursed necklace of Bloodlust {*Rage +Rage MR++ Int-3 Slay+6 *Curse}
   (You bought it in a shop on level 10 of the Dungeon)

   [amulet of rage]

   It affects your intelligence (-3).
   It affects your accuracy and damage with ranged weapons and melee attacks
   (+6).
   It affects your resistance to hostile enchantments.
   It lets you go berserk.
   It may make you go berserk in combat.
   It curses itself when equipped.
   It has a curse placed upon it.
 P - the ring of the Mage (right hand) {Wiz MR++ Int+3}
   (You found it on level 11 of the Dungeon)

   [ring of wizardry]

   It improves your spell success rate.
   It affects your intelligence (+3).
   It affects your resistance to hostile enchantments.
 X - the ring of Phasing {EV+8}
   (You found it on level 7 of Gehenna)

   [ring of evasion]

   It affects your evasion (+8).
Wands
 k - a wand of digging (28)
Scrolls
 d - 5 scrolls of identify
 h - 20 scrolls of teleportation
 l - 10 scrolls of amnesia
 n - 23 scrolls of remove curse
 s - 5 scrolls of magic mapping
 w - a scroll of silence
 Q - a scroll of holy word
 R - a scroll of summoning
Potions
 g - 13 potions of curing
 j - 9 potions of haste
 q - 2 potions of resistance
 x - 3 potions of agility
 A - a potion of cancellation
 E - 8 potions of magic
 J - 9 potions of brilliance
 W - 5 potions of mutation
 Y - 7 potions of ambrosia
Books
 v - a manual of Short Blades
 B - a manual of Fire Magic
 D - a manual of Ice Magic
 G - a manual of Translocations
 I - a manual of Transmutations
Miscellaneous
 o - 7 boxes of beasts
 u - 2 phantom mirrors
 K - a lightning rod (4/4)
 L - a crystal ball of energy
 N - a fan of gales
 U - a phial of floods
Comestibles
 c - 14 rations


   Skills:
 + Level 20.4 Fighting
 + Level 22.6 Short Blades
 + Level 20.0 Long Blades
 + Level 20.0 Axes
 + Level 20.4 Maces & Flails
 + Level 20.0 Polearms
 + Level 20.0 Staves
 + Level 20.3 Slings
 + Level 20.0 Bows
 + Level 20.0 Crossbows
 + Level 20.0 Throwing
 + Level 20.1 Armour
 + Level 20.4 Dodging
 + Level 20.0 Stealth
 + Level 20.0 Shields
 + Level 20.0 Unarmed Combat
 + Level 20.4 Spellcasting
 + Level 17.3 Conjurations
 + Level 17.3 Hexes
 + Level 18.0 Charms
 + Level 17.3 Summonings
 + Level 17.3 Necromancy
 + Level 19.7 Translocations
 + Level 19.7 Transmutations
 + Level 20.7 Fire Magic
 + Level 22.0 Ice Magic
 + Level 17.3 Air Magic
 + Level 17.3 Earth Magic
 + Level 17.3 Poison Magic
 + Level 21.5 Invocations
 + Level 20.0 Evocations


You had 4 spell levels left.
You knew the following spells:

 Your Spells              Type           Power        Failure   Level  Hunger
a - Statue Form           Tmut/Erth      ########.    1%          6    None
b - Orb of Destruction    Conj           ########..   1%          7    None
c - Song of Slaying       Chrm           ########     0%          2    None
d - Lesser Beckoning      Tloc           ########..   0%          3    None
e - Freezing Cloud        Conj/Ice/Air   ########..   1%          6    None
f - Fireball              Conj/Fire      ########..   0%          5    None
g - Ignition              Fire           ########..   1%          8    None
h - Spellforged Servitor  Conj/Summ      ########..   1%          7    None
j - Yara's Violent Unrav  Hex/Tmut       ########..   1%          5    None
k - Passage of Golubria   Tloc           N/A          0%          4    None
l - Spectral Weapon       Hex/Chrm       ########     0%          3    None
m - Aura of Abjuration    Summ           ########..   1%          5    None
n - Summon Butterflies    Summ           ########     0%          1    None

Your spell library contained the following spells:

 Spells                   Type           Power        Failure   Level  Hunger
 Cause Fear               Hex            ########..   0%          4    None
 Magic Dart               Conj           ####         0%          1    None
 Apportation              Tloc           ######       0%          1    None
 Conjure Flame            Conj/Fire      ########     0%          3    None
 Bolt of Cold             Conj/Ice       ########..   1%          6    None
 Lightning Bolt           Conj/Air       ########..   1%          5    None
 Bolt of Magma            Conj/Fire/Erth ########..   1%          5    None
 Slow                     Hex            ########     0%          2    None
 Invisibility             Hex            ########     1%          6    None
 Throw Frost              Conj/Ice       ######       0%          2    None
 Mephitic Cloud           Conj/Pois/Air  ########     0%          3    None
 Ring of Flames           Chrm/Fire      ########..   1%          7    None
 Venom Bolt               Conj/Pois      ########..   1%          5    None
 Olgreb's Toxic Radiance  Pois           ########     0%          4    None
 Teleport Other           Tloc           ########     0%          3    None
 Bolt of Draining         Conj/Necr      ########..   1%          5    None
 Lehudib's Crystal Spear  Conj/Erth      ########..   4%          8    None
 Fire Storm               Conj/Fire      ########..   28%         9    ####...
 Blink                    Tloc           N/A          0%          2    None
 Animate Dead             Necr           N/A          0%          4    None
 Pain                     Necr           ####         0%          1    None
 Animate Skeleton         Necr           N/A          0%          1    None
 Vampiric Draining        Necr           ########..   0%          3    None
 Freeze                   Ice            ####         0%          1    None
 Ozocubu's Refrigeration  Ice            ########..   1%          6    None
 Summon Ice Beast         Ice/Summ       ########     0%          4    None
 Ozocubu's Armour         Chrm/Ice       ########     0%          3    None
 Call Imp                 Summ           ########     0%          2    None
 Dispel Undead            Necr           ########     1%          5    None
 Poison Arrow             Conj/Pois      ########..   1%          6    None
 Regeneration             Chrm/Necr      ########..   0%          3    None
 Sting                    Conj/Pois      ####         0%          1    None
 Sublimation of Blood     Necr           ########..   0%          2    None
 Summon Demon             Summ           ########..   1%          5    None
 Corpse Rot               Necr           N/A          0%          2    None
 Iron Shot                Conj/Erth      ########..   1%          6    None
 Stone Arrow              Conj/Erth      ######       0%          3    None
 Recall                   Summ/Tloc      N/A          0%          3    None
 Agony                    Necr           ########     1%          5    None
 Spider Form              Tmut/Pois      ########..   0%          3    None
 Blade Hands              Tmut           ########..   0%          5    None
 Ice Form                 Ice/Tmut       ########     0%          4    None
 Deflect Missiles         Chrm/Air       ########..   1%          6    None
 Throw Icicle             Conj/Ice       ########     0%          4    None
 Glaciate                 Conj/Ice       ########..   24%         9    ####...
 Shadow Creatures         Summ           N/A          1%          6    None
 Passwall                 Tmut/Erth      ########     0%          2    None
 Sticks to Snakes         Tmut           ########     0%          2    None
 Call Canine Familiar     Summ           ########     0%          3    None
 Ensorcelled Hibernation  Hex/Ice        ######       0%          2    None
 Metabolic Englaciation   Hex/Ice        ########..   0%          5    None
 Silence                  Hex/Air        ########..   1%          5    None
 Shatter                  Erth           ########..   50%         9    ####...
 Static Discharge         Conj/Air       ########     0%          3    None
 Corona                   Hex            #######      0%          1    None
 Lee's Rapid Deconstruct  Erth           ########..   1%          5    None
 Sandblast                Erth           ######       0%          1    None
 Simulacrum               Ice/Necr       ########..   1%          6    None
 Chain Lightning          Conj/Air       ########..   4%          8    None
 Excruciating Wounds      Chrm/Necr      ########..   1%          5    None
 Portal Projectile        Hex/Tloc       ######       0%          3    None
 Petrify                  Tmut/Erth      ########     0%          4    None
 Tornado                  Air            ########..   50%         9    ####...
 Leda's Liquefaction      Hex/Erth       ########..   0%          4    None
 Summon Hydra             Summ           ########..   1%          7    None
 Darkness                 Hex            ########..   1%          6    None
 Shroud of Golubria       Chrm/Tloc      ########..   0%          2    None
 Inner Flame              Hex/Fire       ########     0%          3    None
 Beastly Appendage        Tmut           ######       0%          1    None
 Disjunction              Tloc           ########..   1%          8    None
 Iskenderun's Battlesphe  Conj/Chrm      ########     1%          5    None
 Dazzling Spray           Conj/Hex       ######       0%          3    None
 Infusion                 Chrm           ####         0%          1    None
 Discord                  Hex            ########..   4%          8    None
 Summon Forest            Summ/Tloc      ########..   1%          5    None
 Summon Mana Viper        Hex/Summ       ########     1%          5    None
 Gell's Gravitas          Tloc           ########..   0%          3    None
 Poisonous Vapours        Pois/Air       ######       0%          2    None
 Borgnjor's Vile Clutch   Necr/Erth      ########..   1%          5    None


Dungeon Overview and Level Annotations

Branches:
Dungeon (15/15)            Temple (1/1) D:5            Lair (6/6) D:10
  Swamp (4/4) Lair:3       Spider (4/4) Lair:3        Slime (5/5) Lair:5
    Orc (2/2) D:11            Elf (3/3) Orc:2        Vaults (5/5) D:13
  Crypt (3/3) Vaults:3       Tomb (1/3) Crypt:3      Depths (5/5) D:15
   Hell (1/1)                 Dis (7/7) Hell            Geh (7/7) Hell
    Coc (0/7) Hell            Tar (6/7) Hell            Zot (0/5) Depths:5

Altars:
Ashenzari
Cheibriados
Dithmenos
Elyvilon
Fedhas
Gozag
Hepliaklqana
Kikubaaqudgha
Makhleb
Nemelex Xobeh
Okawaru
Qazlal
Ru
Sif Muna
Trog
Uskayaw
Vehumet
Wu Jian
Xom
Yredelemnul
Zin
The Shining One
Beogh
Jiyva

Shops:
D:7 =   D:10 [=[[===*[*   D:11 [(=!   D:12 }   Orc:2 =}(==[   Elf:1 (
Elf:2 :*   Vaults:3 [[   Vaults:4 :   Vaults:5 }   Depths:5 =

Portals:
Hell: Depths:1 Depths:2 Depths:3 Depths:4 Depths:5
Abyss: Depths:1 Depths:4 Depths:5
Pandemonium: Depths:3 Depths:5
Ziggurat: Depths:1

Annotations:
D:4 1 runed door, iamserjio's ghost, weakling GrFi
D:15 1 runed door
Lair:2 Fannar
Lair:4 Kirke
Elf:2 3 runed doors


Innate Abilities, Weirdness & Mutations

Your experience applies equally to all skills.
You have very sharp teeth.
Your uncanny sense of smell can sniff out nearby items.
You are partially covered in yellow scales. (AC +2)
You are frail. (-10% HP)
Your magical capacity is low. (-10% MP)
You are resistant to electric shocks. (rElec)


Message History

* * * LOW HITPOINT WARNING * * *
The damnation engulfs the hellion.
The hellion completely resists.
You hear an angry hiss.
Unknown command.
Blink to where?
Press: ? - help, Dir - move target cursor You are very lightly contaminated with residual magic.
As you read the scroll of blinking, it crumbles to dust.
Okay, then.
As you read the scroll of summoning, it crumbles to dust.
Wisps of shadow whirl around you... The hellion gestures at you.
The sphere of damnation explodes!
The damnation engulfs you! The Shining One protects you from harm!
The damnation engulfs your death drake. x2
You hear an angry hiss.
You feel yourself speed up. The hellion gestures at you.
The sphere of damnation explodes!
The damnation engulfs you!
You die...

..###..##.#.....
####.......)###.##
#.###.......#..... #.#
##......#.##..
##.#####.....## ##
##..##.###....# .#
##...##..##....#
...#....# #.......#
.....k.@# #....#..#
........# #...###.# ....
.....kk.# #....# .# ....
##......###....####
....Z###...k..##......#
.....#.Z.........#.....#
.........2.......##.....#
.............^#..##.....#
..............#..# #....#


You could see a hellion, an alligator skeleton and 4 friendly death drakes.

Vanquished Creatures
  Asmodeus (Geh:7)
  the Royal Jelly (Slime:5)
  4 ancient liches
  Mennas (Vaults:2)
  A juggernaut (Depths:5)
  2 greater mummies (Tomb:1)
  The ghost of Putrafox the Metallomancer, a veteran GrEE of Ashenzari (Vaults:4)
  The ghost of Putrafox the Metallomancer, a veteran GrEE of Ashenzari (Vaults:4)
  Frederick (Vaults:4)
  Margery (Vaults:4)
  The ghost of Uzaajiss the Questioner, a veteran GnWz of Ru (Vaults:4)
  Geryon (Hell)
  the Enchantress (Depths:3)
  A golden dragon (Depths:4)
  Jory (Tomb:1)
  10 bone dragons
  19 Brimstone Fiends
  3 iron giants
  Jorgrun (Elf:2)
  4 doom hounds
  A hellephant (Abyss:4)
  6 Tzitzimimeh
  5 tentacled monstrosities
  3 Hell Sentinels
  5 titans
  3 quicksilver dragons
  2 deep elf master archers (Elf:3)
  13 liches
  The ghost of Erid the Spawn of Chaos, an adept DDFi of Makhleb (Vaults:1)
  2 deep elf blademasters (Elf:3)
  2 eldritch tentacles
  19 acid blobs
  9 tentacled starspawn
  15 sphinxes
  7 ancient champions
  An Executioner (Dis:5)
  2 thorn hunters
  Donald (Spider:1)
  4 storm dragons
  The ghost of Haexig the Black Belt, an adept DsAs of Makhleb (D:15)
  10 shadow dragons
  Roxanne (Swamp:4)
  5 tengu reavers
  4 revenants
  17 azure jellies
  An iron dragon (shapeshifter) (Vaults:5)
  An orc warlord (Vaults:1)
  5 iron dragons
  2 draconian monks
  13 fire giants
  2 draconian scorchers (Depths:5)
  7 deep elf sorcerers
  14 vault wardens
  6 ghost moths
  Louise (Swamp:4)
  10 frost giants
  11 balrugs
  A juggernaut zombie (Crypt:1)
  2 cacodemons
  8 emperor scorpions
  7 deep elf elementalists
  34 reapers
  A draconian shifter (Depths:5)
  2 ghouls (Crypt:1)
  3 spriggan defenders (Depths:3)
  10 ironheart preservers
  34 very ugly things
  9 vampire knights
  9 war gargoyles
  2 entropy weavers
  A black draconian (Abyss:4)
  10 deep elf annihilators (Elf:3)
  A green draconian (Depths:5)
  8 deep elf demonologists
  4 yellow draconians (Depths:5)
  Nessos (D:15)
  26 stone giants
  Azrael (Spider:1)
  A red draconian (Depths:5)
  5 spark wasps
  7 eidola
  16 ettins
  13 fire dragons
  3 blizzard demons
  9 deep elf death magi
  8 mummy priests (Tomb:1)
  10 death oozes (Slime:5)
  Snorg (Orc:2)
  5 crystal guardians
  5 quicksilver dragon zombies
  12 yaktaur captains
  3 rakshasas
  3 hell beasts
  8 jiangshi
  16 great orbs of eyes
  4 deep elf high priests
  4 ghost crabs
  9 hydras
  A kraken zombie (Hell)
  32 vault guards
  4 spriggan air magi
  20 ice dragons
  A catoblepas (D:15)
  3 quicksilver dragon skeletons
  5 death knights
  A two-headed ogre (shapeshifter) (Vaults:5)
  7 alligators
  11 centaur warriors
  34 two-headed ogres
  6 dancing weapons
  A satyr (shapeshifter) (D:13)
  25 hell hogs
  14 ogre magi
  10 deep troll shamans
  Erica (D:8)
  A death yak (Lair:3)
  6 tengu warriors
  5 death scarabs (Tomb:1)
  7 titan zombies
  16 thrashing horrors
  14 deep troll earth magi
  4 orc high priests
  6 vampire magi
  Sonja (Lair:2)
  8 wretched stars
  7 iron golems
  7 spriggan berserkers
  A shock serpent (shapeshifter) (Depths:2)
  14 deep elf knights
  15 sun demons
  3 storm dragon zombies
  9 titan skeletons
  2 shadow wraiths
  10 soul eaters
  A sixfirhy (Abyss:4)
  2 fire crabs (shapeshifter) (Vaults:5)
  5 iron trolls
  4 unseen horrors
  79 hell knights
  2 ghost moth zombies
  121 slime creatures
  91 skeletal warriors
  An iron giant zombie (Crypt:1)
  An unseen horror (shapeshifter) (Vaults:2)
  2 death drakes (Depths:3)
  9 anaconda zombies
  2 storm dragon skeletons
  30 deep trolls
  2 spatial maelstroms (Abyss:4)
  13 glowing orange brains
  7 shadow demons
  2 spectral anacondas (Depths:3)
  3 wizards
  16 flayed ghosts
  A spriggan druid (Swamp:2)
  5 golden dragon zombies
  A shambling mangrove (Swamp:3)
  4 swamp dragons
  18 deep elf archers
  9 wolf spider zombies
  6 shadow dragon zombies
  Pikel (D:5)
  3 anaconda skeletons
  A harpy (shapeshifter) (Vaults:4)
  8 ironbrand convokers
  52 deep elf magi
  17 phantasmal warriors
  2 mana vipers
  23 orb spiders
  3 orange crystal statues
  3 shadow dragon skeletons
  52 ugly things
  2 lindwurms (Lair:6)
  9 iron dragon zombies
  6 orc sorcerers
  6 shining eyes
  27 necromancers
  16 orc knights
  4 manticores
  8 stone giant zombies
  6 cyclopes
  26 large abominations
  3 worldbinders
  6 frost giant zombies
  7 fire giant zombies
  30 wolf spiders
  An elephant (shapeshifter) (D:13)
  2 iron dragon skeletons
  A shock serpent zombie (Geh:5)
  3 guardian serpents (shapeshifter)
  A salamander (Depths:1)
  3 moths of wrath
  5 dire elephant zombies
  16 vault sentinels
  2 apocalypse crabs
  3 frost giant skeletons
  6 stone giant skeletons
  Maurice (Orc:2)
  2 guardian serpents
  3 ice statues
  2 orange demons
  37 rust devils
  19 smoke demons
  12 molten gargoyles
  8 black mambas
  3 fire giant skeletons
  A titan simulacrum (Crypt:1)
  4 elephants (Lair:4)
  A yellow draconian zombie (Geh:5)
  Psyche (D:11)
  13 torpor snails
  3 gargoyles
  A spiny frog (shapeshifter) (Depths:5)
  A shock serpent skeleton (Geh:5)
  A dire elephant skeleton (Geh:7)
  18 spiny frogs
  5 eyes of devastation
  A catoblepas zombie (Dis:1)
  3 emperor scorpion zombies
  2 kobold demonologists
  40 hellions
  A purple draconian zombie (Crypt:2)
  10 komodo dragons
  A rime drake (shapeshifter) (Depths:2)
  7 efreet
  28 freezing wraiths
  60 yaktaurs
  A yellow draconian skeleton (Crypt:1)
  6 ice devils
  3 spectral merfolk (Depths:3)
  An anaconda simulacrum (Hell)
  2 hellwings (Abyss:2)
  A komodo dragon (shapeshifter) (Vaults:5)
  7 guardian mummies (Tomb:1)
  30 tormentors
  A catoblepas skeleton (Abyss:4)
  A harpy zombie (Geh:7)
  22 demonic crawlers
  2 polar bears
  3 tengu conjurers
  6 ancient zymes
  A meliai (D:13)
  14 tyrant leeches
  27 red devils
  7 hydra zombies
  31 hornets
  3 silent spectres
  2 wind drakes (shapeshifter)
  5 trolls
  28 jumping spiders
  8 blink frogs
  13 raiju
  8 hydra skeletons
  2 alligator zombies
  A satyr zombie (Crypt:1)
  A raiju (shapeshifter) (D:14)
  A slime creature (shapeshifter) (Vaults:5)
  7 ice dragon zombies
  5 fire dragon zombies
  10 hippogriffs
  A dream sheep (shapeshifter) (Depths:2)
  2 harpy skeletons
  4 ettin zombies
  5 bog bodies
  3 dream sheep (Lair:4)
  A fire giant simulacrum (Vaults:3)
  9 air elementals
  3 black mamba zombies
  12 spriggans
  122 flying skulls
  60 redbacks
  7 vampires
  8 ynoxinuls
  3 ice dragon skeletons
  29 shadows
  28 wraiths
  24 water elementals
  6 ettin skeletons
  A fire dragon skeleton (Tar:4)
  5 ushabtiu (Tomb:1)
  A redback (shapeshifter) (Vaults:5)
  30 tarantellas
  2 hogs (Lair:4)
  35 yaks
  2 alligator skeletons
  A black mamba skeleton (Geh:6)
  16 wyverns
  9 chaos spawn
  15 fire bats
  29 fire elementals
  A steam dragon (D:13)
  2 swamp worm simulacra (Swamp:4)
  6 golden eyes
  4 basilisks
  2 death yak simulacra (IceCv)
  4 neqoxecs (Abyss:4)
  5 hungry ghosts
  8 vampire mosquitoes
  9 insubstantial wisps
  20 swamp worms
  A harpy simulacrum (Abyss:1)
  An infernal demonspawn zombie (Crypt:1)
  11 wargs
  2 soldier ants
  2 spatial vortices (Abyss:4)
  2 acid dragons (Vaults:1)
  80 hell hounds
  An orb spider zombie (Crypt:1)
  A merfolk zombie (Crypt:3)
  17 hydra simulacra
  A naga (Abyss:4)
  2 spiny frog zombies
  17 water moccasins
  A deep troll zombie (Crypt:2)
  A spectral spriggan (Depths:3)
  3 spectral trolls (Depths:3)
  3 porcupines
  2 floating eyes
  A floating eye (shapeshifter) (Vaults:5)
  39 orc warriors
  2 spiny frog skeletons
  3 sky beasts
  3 black bears
  9 phantoms
  16 ice beasts
  6 eyes of draining
  A swamp dragon zombie (Dis:4)
  7 swamp drakes
  3 elf zombies
  An ettin simulacrum (Vaults:1)
  33 ogres
  A tengu (shapeshifter) (Vaults:1)
  4 snapping turtle zombies
  An eye of draining (shapeshifter) (D:13)
  2 elephant zombies (Lair:4)
  18 necrophages
  2 snapping turtle skeletons
  2 manticore skeletons
  20 wolves
  2 swamp dragon skeletons
  19 boggarts
  A dream sheep skeleton (Crypt:2)
  An elephant skeleton (Crypt:2)
  An elf simulacrum (Depths:5)
  13 crocodiles
  28 centaurs
  3 big kobolds
  A big kobold (shapeshifter) (Vaults:4)
  19 bullfrogs
  A cyclops zombie (Crypt:1)
  A gnoll sergeant (D:13)
  An elf skeleton (Tar:2)
  A wyvern zombie (D:7)
  6 earth elementals
  3 wyvern skeletons
  23 small abominations
  5 scorpions
  A shapeshifter zombie (Crypt:1)
  2 spectral ogres (Depths:3)
  A troll zombie (Tar:3)
  2 spectral nagas (Depths:3)
  2 spriggan zombies
  21 killer bees
  78 wights
  12 electric eels
  3 spectral centaurs (Depths:3)
  7 howler monkeys
  20 crimson imps
  5 centaur zombies
  A basilisk zombie (Lair:4)
  2 draconian simulacra (IceCv)
  3 quasits
  27 iron imps
  22 starcursed masses
  5 centaur skeletons
  3 human zombies
  21 orc priests
  Crazy Yiuf (D:2)
  5 hounds
  A human skeleton (Geh:7)
  15 jellies
  4 bullfrog skeletons
  31 orc wizards
  Natasha (twice) (D:3)
  16 worker ants
  A hell rat (Lair:3)
  4 spriggan simulacra (IceCv)
  8 troll simulacra
  2 killer bee zombies
  A polar bear simulacrum (IceCv)
  A wolf simulacrum (IceCv)
  2 crocodile zombies
  A tengu zombie (Dis:3)
  2 naga zombies
  4 centaur simulacra
  An ogre skeleton (Tar:1)
  3 hound zombies
  A tengu skeleton (Dis:5)
  4 hound skeletons
  11 mummies
  2 worker ant zombies (D:5)
  A howler monkey skeleton (D:10)
  14 adders
  13 gnolls (Bailey)
  A naga simulacrum (IceCv)
  3 ogre simulacra (IceCv)
  5 river rats
  A steam dragon zombie (Crypt:2)
  7 shadow imps
  15 white imps
  2 ufetubi
  2 oozes (Lair:5)
  6 swamp drake simulacra (Swamp:4)
  An adder skeleton (D:9)
  A worm (D:2)
  3 dart slugs
  A dart slug (shapeshifter) (Vaults:5)
  6 leopard geckos
  114 orcs
  11 bats
  10 giant cockroaches
  15 goblins
  14 hobgoblins
  8 jackals
  34 kobolds
  7 quokkas
  10 frilled lizards
  A goblin skeleton (Crypt:1)
  An orc zombie (Geh:3)
  2 quokka skeletons
  A quokka zombie (Crypt:1)
  13 rats
  A lurking horror (Abyss:1)
  2 plants
  7 starspawn tentacles
3925 creatures vanquished.

Vanquished Creatures (collateral kills)
  An acid blob (Slime:5)
  A chaos spawn (Abyss:4)
2 creatures vanquished.

Vanquished Creatures (others)
  An eldritch tentacle (Dis:1)
  23 dancing weapons
  An alligator (Swamp:4)
  3 hell hogs
  An orb spider (Spider:1)
  A fire giant zombie (Geh:3)
  A salamander (Abyss:4)
  A rust devil (Hell)
  A dire elephant zombie (Geh:3)
  A stone giant skeleton (Geh:7)
  A slime creature (Depths:2)
  3 flying skulls
  A vampire (D:15)
  A redback (Spider:1)
  A wraith (Geh:7)
  2 fire bats
  2 slaves (D:6)
  A necrophage (Tar:6)
  2 small abominations (Abyss:4)
  A wight (Geh:1)
  A howler monkey (D:12)
  A starcursed mass (Abyss:3)
  2 human skeletons (Geh:3)
  A white imp (Hell)
  2 jackals (D:6)
  22 fungi
  2 lurking horrors
  21 plants
  3 spectral weapons
  43 starspawn tentacles
147 creatures vanquished.

Grand Total: 4074 creatures vanquished

Notes
Turn   | Place    | Note
-------+----------+-------------------------------------------
     0 | D:1      | inc the Gnoll Skald began the quest for the Orb.
     0 | D:1      | Reached XP level 1. HP: 20/20 MP: 6/6
    56 | D:1      | Reached XP level 2. HP: 22/26 MP: 7/7
   430 | D:1      | Reached XP level 3. HP: 23/31 MP: 9/9
   485 | D:1      | Reached skill level 5 in Spellcasting
   924 | D:2      | Reached skill level 1 in Invocations
  1045 | D:2      | Found a runed door.
  1403 | D:2      | Found a shattered altar of Ashenzari.
  1717 | D:2      | Reached skill level 1 in Short Blades
  1717 | D:2      | Reached skill level 1 in Long Blades
  1717 | D:2      | Reached skill level 1 in Axes
  1717 | D:2      | Reached skill level 1 in Polearms
  1717 | D:2      | Reached skill level 1 in Staves
  1717 | D:2      | Reached skill level 1 in Slings
  1717 | D:2      | Reached skill level 1 in Bows
  1717 | D:2      | Reached skill level 1 in Crossbows
  1717 | D:2      | Reached skill level 1 in Throwing
  1717 | D:2      | Reached skill level 1 in Stealth
  1717 | D:2      | Reached skill level 1 in Shields
  1717 | D:2      | Reached skill level 1 in Unarmed Combat
  1717 | D:2      | Reached skill level 1 in Evocations
  1883 | D:2      | Reached XP level 4. HP: 38/38 MP: 11/11
  2042 | D:2      | Noticed Crazy Yiuf
  2050 | D:2      | Killed Crazy Yiuf
  2108 | D:2      | Learned a level 2 spell: Shroud of Golubria
  2111 | D:2      | Learned a level 2 spell: Song of Slaying
  2115 | D:2      | Learned a level 3 spell: Regeneration
  2119 | D:2      | Learned a level 3 spell: Spectral Weapon
  2214 | D:3      | Reached skill level 1 in Conjurations
  2214 | D:3      | Reached skill level 1 in Hexes
  2214 | D:3      | Reached skill level 1 in Summonings
  2214 | D:3      | Reached skill level 1 in Necromancy
  2214 | D:3      | Reached skill level 1 in Translocations
  2214 | D:3      | Reached skill level 1 in Transmutations
  2214 | D:3      | Reached skill level 1 in Fire Magic
  2214 | D:3      | Reached skill level 1 in Ice Magic
  2214 | D:3      | Reached skill level 1 in Air Magic
  2214 | D:3      | Reached skill level 1 in Earth Magic
  2214 | D:3      | Reached skill level 1 in Poison Magic
  2422 | D:3      | Reached XP level 5. HP: 43/43 MP: 12/12
  2464 | D:3      | Noticed Natasha
  2472 | D:3      | Killed Natasha
  2497 | D:3      | Noticed Natasha
  2510 | D:3      | Killed Natasha
  3015 | D:4      | Reached XP level 6. HP: 37/50 MP: 2/13
  3195 | D:4      | Reached skill level 5 in Fighting
  3195 | D:4      | Reached skill level 5 in Maces & Flails
  3195 | D:4      | Reached skill level 5 in Dodging
  3523 | D:4      | Reached XP level 7. HP: 55/56 MP: 8/15
  3719 | D:4      | Found a runed door.
  3726 | D:4      | Noticed iamserjio's ghost (weakling GrFi)
  4563 | D:5      | Entered Level 5 of the Dungeon
  4755 | D:5      | Reached XP level 8. HP: 57/63 MP: 5/16
  5073 | D:5      | Found a stormy altar of Qazlal.
  5074 | D:5      | Found an ancient bone altar of Kikubaaqudgha.
  5396 | D:5      | Found a staircase to the Ecumenical Temple.
  5402 | Temple   | Entered the Ecumenical Temple
  5555 | Temple   | Became a worshipper of Gozag Ym Sagoz the Greedy
  6013 | D:6      | Reached XP level 9. HP: 38/69 MP: 6/18
  6026 | D:6      | Noticed Pikel
  6054 | D:5      | Killed Pikel
  6363 | D:6      | Reached skill level 5 in Armour
  6468 | D:6      | Noticed a red ugly thing
  6483 | D:6      | HP: 2/69 [red ugly thing (17)]
  6485 | D:6      | Killed a red ugly thing
  6883 | D:6      | Found a sacrificial altar of Ru.
  7053 | D:7      | Reached skill level 5 in Invocations
  7491 | D:7      | Reached XP level 10. HP: 69/77 MP: 14/20
  7798 | D:7      | Found Ozyoca's Jewellery Shoppe.
  8334 | D:8      | Noticed a manticore
  8352 | D:8      | Killed a manticore
  8352 | D:8      | Reached skill level 5 in Short Blades
  8352 | D:8      | Reached skill level 5 in Long Blades
  8352 | D:8      | Reached skill level 5 in Axes
  8352 | D:8      | Reached skill level 5 in Polearms
  8352 | D:8      | Reached skill level 5 in Staves
  8352 | D:8      | Reached skill level 5 in Slings
  8352 | D:8      | Reached skill level 5 in Bows
  8352 | D:8      | Reached skill level 5 in Crossbows
  8352 | D:8      | Reached skill level 5 in Throwing
  8352 | D:8      | Reached skill level 5 in Stealth
  8352 | D:8      | Reached skill level 5 in Shields
  8352 | D:8      | Reached skill level 5 in Unarmed Combat
  8352 | D:8      | Reached skill level 5 in Evocations
  8653 | D:8      | Noticed a two-headed ogre
  8666 | D:8      | Killed a two-headed ogre
  9106 | D:8      | Noticed Erica
  9838 | D:8      | Found a sacrificial altar of Ru.
 10405 | D:9      | Reached XP level 11. HP: 64/84 MP: 18/22
 10769 | D:10     | Entered Level 10 of the Dungeon
 11248 | D:10     | Noticed a two-headed ogre
 11255 | D:10     | Killed a two-headed ogre
 11286 | D:10     | Noticed a seven-headed hydra
 11331 | D:11     | Found Neaperal's Jewellery Shoppe.
 11450 | D:11     | Noticed a red ugly thing
 11463 | D:11     | Reached skill level 5 in Conjurations
 11463 | D:11     | Reached skill level 5 in Hexes
 11463 | D:11     | Reached skill level 5 in Summonings
 11463 | D:11     | Reached skill level 5 in Necromancy
 11463 | D:11     | Reached skill level 5 in Translocations
 11463 | D:11     | Reached skill level 5 in Transmutations
 11463 | D:11     | Reached skill level 5 in Fire Magic
 11463 | D:11     | Reached skill level 5 in Ice Magic
 11463 | D:11     | Reached skill level 5 in Air Magic
 11463 | D:11     | Reached skill level 5 in Earth Magic
 11463 | D:11     | Reached skill level 5 in Poison Magic
 11466 | D:11     | Killed a red ugly thing
 11701 | D:11     | Identified Rofeiha's Incunabulum of Translocation and Heat
 11715 | D:11     | Found a staircase to the Orcish Mines.
 11750 | D:11     | Found a roughly hewn altar of Beogh.
 11931 | D:11     | Found Ymejo's Magic Scroll Boutique.
 12111 | D:11     | Noticed Psyche
 12122 | D:11     | Killed Psyche
 12280 | D:11     | Found Halipsamm's Antique Armour Shop.
 12286 | D:11     | Bought a brightly glowing chain mail for 266 gold pieces
 12286 | D:11     | Bought a pair of embroidered boots for 210 gold pieces
 12296 | D:11     | Identified the +8 chain mail of Vaczischi {Int+4} (You bought it in a shop on level 11 of the Dungeon)
 12427 | D:11     | Found Veune's Distillery.
 12472 | D:11     | Found the ring of the Mage {Wiz MR++ Int+3}
 12473 | D:11     | Noticed a centaur warrior
 12487 | D:11     | Killed a centaur warrior
 12567 | D:11     | Found Nyzel's Weapon Emporium.
 12598 | D:11     | Bought the cursed ring of the Burgomaster {*Drain +Inv rPois AC-2 SInv} for 212 gold pieces
 12675 | D:12     | Reached XP level 12. HP: 89/93 MP: 21/24
 12823 | D:12     | Noticed a two-headed ogre
 12839 | D:12     | Killed a two-headed ogre
 12957 | D:12     | Found Wuniezeh's Gadget Boutique.
 13571 | D:13     | Noticed a centaur warrior
 13586 | D:13     | Killed a centaur warrior
 13803 | Orc:1    | Entered Level 1 of the Orcish Mines
 14985 | Orc:1    | Found an iron altar of Okawaru.
 15074 | Orc:2    | Entered Level 2 of the Orcish Mines
 15521 | Orc:2    | Found a staircase to the Elven Halls.
 15531 | Orc:2    | Noticed Snorg
 15562 | Orc:2    | Noticed Maurice
 15564 | Orc:2    | Killed Snorg
 15579 | Orc:2    | Killed Maurice
 15595 | Orc:2    | Reached XP level 13. HP: 62/101 MP: 3/26
 15984 | Orc:2    | Found Pirghouky's Armour Shop.
 17031 | Orc:2    | Paralysed by an orc sorcerer for 6 turns
 17432 | Orc:2    | Found Cuynej's Jewellery Emporium.
 17462 | Orc:2    | Found Eraluuv's Gadget Emporium.
 17464 | Orc:2    | Found Ofet's Jewellery Shop.
 17516 | Orc:2    | Bought the +8 autumn katana {slice, Clar} for 1191 gold pieces
 17516 | Orc:2    | Found the +8 autumn katana {slice, Clar}
 17518 | Orc:2    | Bought 2 curare-tipped needles for 21 gold pieces
 17530 | Orc:2    | Bought a +0 pair of gloves for 63 gold pieces
 17729 | D:10     | Found a staircase to the Lair.
 18643 | D:8      | Killed Erica
 18653 | D:8      | Got a dazzling cloak
 18664 | D:8      | Identified the +2 cloak "Bovel" {rN+ Dex+2 Slay+3} (You found it on level 8 of the Dungeon)
 19048 | Lair:1   | Entered Level 1 of the Lair of Beasts
 19962 | Lair:2   | Noticed Sonja
 19968 | Lair:2   | Killed Sonja
 20202 | Lair:2   | Noticed Fannar
 20288 | Lair:3   | Found a staircase to the Swamp.
 20482 | Lair:3   | Reached skill level 10 in Spellcasting
 20632 | Lair:3   | Reached XP level 14. HP: 44/109 MP: 28/28
 20977 | Lair:3   | Found a hole to the Spider Nest.
 22188 | Lair:4   | Noticed Kirke
 22226 | Lair:4   | Noticed a sphinx
 22229 | Lair:4   | Noticed a sphinx
 22472 | Lair:4   | Reached skill level 10 in Fighting
 22472 | Lair:4   | Reached skill level 10 in Maces & Flails
 22472 | Lair:4   | Reached skill level 10 in Dodging
 23624 | Lair:5   | Found a staircase to the Slime Pits.
 24008 | Lair:6   | Entered Level 6 of the Lair of Beasts
 24075 | Lair:6   | Reached skill level 10 in Invocations
 24420 | Lair:6   | Got an encrusted helmet
 24434 | Lair:6   | Identified the +2 helmet of Focus {rC+ Str+4 Slay+3 Stlth+} (You found it on level 6 of the Lair of Beasts)
 24439 | Lair:6   | Learned a level 3 spell: Mephitic Cloud
 24450 | Lair:6   | Learned a level 4 spell: Cause Fear
 25149 | Lair:6   | Found a runed door.
 25156 | Lair:6   | Paralysed by a hornet for 3 turns
 25194 | Lair:6   | Reached XP level 15. HP: 29/117 MP: 22/29
 25592 | Lair:6   | Reached skill level 10 in Armour
 26293 | D:13     | Found a gate to the Vaults.
 26661 | D:13     | Reached skill level 10 in Charms
 27510 | D:13     | Reached skill level 10 in Short Blades
 27510 | D:13     | Reached skill level 10 in Long Blades
 27510 | D:13     | Reached skill level 10 in Axes
 27510 | D:13     | Reached skill level 10 in Polearms
 27510 | D:13     | Reached skill level 10 in Staves
 27510 | D:13     | Reached skill level 10 in Slings
 27510 | D:13     | Reached skill level 10 in Bows
 27510 | D:13     | Reached skill level 10 in Crossbows
 27510 | D:13     | Reached skill level 10 in Throwing
 27510 | D:13     | Reached skill level 10 in Stealth
 27510 | D:13     | Reached skill level 10 in Shields
 27510 | D:13     | Reached skill level 10 in Unarmed Combat
 27510 | D:13     | Reached skill level 10 in Evocations
 27763 | D:14     | Found a flagged portal.
 27771 | Bailey   | Entered a bailey
 28402 | D:14     | Identified a scroll of acquirement
 28446 | D:14     | Got an ancient pewter ring
 28448 | D:14     | Identified the ring "Pioh Kurgh" {rPois rC+ EV+4 Str+3 SInv} (You acquired it on level 14 of the Dungeon)
 28809 | D:15     | Entered Level 15 of the Dungeon
 28809 | D:15     | Found a frozen archway.
 28864 | D:15     | Reached XP level 16. HP: 109/125 MP: 31/31
 28884 | IceCv    | Entered an ice cave
 29068 | IceCv    | Found an ancient bone altar of Kikubaaqudgha.
 29416 | D:15     | Learned a level 5 spell: Fireball
 29422 | D:15     | Learned a level 5 spell: Silence
 29428 | D:15     | Learned a level 5 spell: Yara's Violent Unravelling
 29631 | D:15     | Found a runed door.
 29649 | D:15     | Noticed a lich
 29650 | D:15     | Noticed a sphinx
 29650 | D:15     | Noticed Haexig's ghost (adept DsAs)
 29653 | D:15     | Found a runed door.
 29744 | D:15     | Found a stormy altar of Qazlal.
 29763 | D:15     | Found a staircase to the Depths.
 29804 | D:15     | Noticed Nessos
 29810 | D:15     | Killed Nessos
 30120 | D:15     | Gained mutation: Your spells are a little harder to cast, but a little more powerful. [potion of mutation]
 30120 | D:15     | Gained mutation: You have sharp toenails. [potion of mutation]
 30120 | D:15     | Gained mutation: Your spells are harder to cast, but more powerful. [potion of mutation]
 30121 | D:15     | Lost mutation: You have sharp toenails. [potion of mutation]
 30121 | D:15     | Lost mutation: Your spells are harder to cast, but more powerful. [potion of mutation]
 30121 | D:15     | Gained mutation: You possess an exceptional clarity of mind. [potion of mutation]
 30121 | D:15     | Gained mutation: You have supernaturally acute eyesight. (SInv) [potion of mutation]
 30121 | D:15     | Lost mutation: You possess an exceptional clarity of mind. [potion of mutation]
 30121 | D:15     | Gained mutation: You are resistant to hostile enchantments. (MR+) [potion of mutation]
 30342 | Swamp:1  | Entered Level 1 of the Swamp
 31321 | Swamp:2  | Noticed a thorn hunter
 31334 | Swamp:2  | Killed a thorn hunter
 31812 | Swamp:2  | Learned a level 5 spell: Borgnjor's Vile Clutch
 32134 | Swamp:3  | Noticed a thorn hunter
 32249 | Swamp:3  | Killed a thorn hunter
 32958 | Swamp:4  | Entered Level 4 of the Swamp
 32993 | Swamp:4  | Noticed Louise
 33042 | Swamp:4  | Noticed Roxanne
 33071 | Swamp:4  | Killed Roxanne
 33309 | Swamp:4  | Reached XP level 17. HP: 125/133 MP: 27/33
 33386 | Swamp:4  | Reached skill level 10 in Ice Magic
 34208 | Swamp:4  | Killed Louise
 34725 | Swamp:4  | Got a decaying rune of Zot
 34898 | Spider:1 | Entered Level 1 of the Spider Nest
 34992 | Spider:1 | Noticed Azrael
 35005 | Spider:1 | Killed Azrael
 35382 | Spider:1 | Learned a level 4 spell: Olgreb's Toxic Radiance
 35804 | Spider:1 | Noticed Donald
 35818 | Spider:1 | Killed Donald
 36855 | Spider:3 | Reached skill level 10 in Conjurations
 36855 | Spider:3 | Reached skill level 10 in Hexes
 36855 | Spider:3 | Reached skill level 10 in Summonings
 36855 | Spider:3 | Reached skill level 10 in Necromancy
 36855 | Spider:3 | Reached skill level 10 in Translocations
 36855 | Spider:3 | Reached skill level 10 in Transmutations
 36855 | Spider:3 | Reached skill level 10 in Fire Magic
 36855 | Spider:3 | Reached skill level 10 in Air Magic
 36855 | Spider:3 | Reached skill level 10 in Earth Magic
 36855 | Spider:3 | Reached skill level 10 in Poison Magic
 36866 | Spider:3 | Reached XP level 18. HP: 131/141 MP: 15/34
 37878 | Spider:4 | Entered Level 4 of the Spider Nest
 38723 | Spider:4 | Got a gossamer rune of Zot
 39409 | Vaults:1 | Entered Level 1 of the Vaults
 40254 | Vaults:1 | Found a runed gate.
 40254 | Vaults:1 | Found a runed gate.
 40257 | Vaults:1 | Found a runed gate.
 40280 | Vaults:1 | Noticed Erid's ghost (adept DDFi)
 40353 | Vaults:1 | Reached XP level 19. HP: 146/149 MP: 36/36
 41083 | Vaults:1 | Killed Erid's ghost
 41345 | Vaults:2 | Noticed Mennas
 41422 | Vaults:2 | Killed Mennas
 43492 | Vaults:3 | Reached XP level 20. HP: 157/157 MP: 28/37
 43522 | Vaults:3 | Learned a level 4 spell: Passage of Golubria
 43678 | Vaults:3 | Found Aluczipn's Armour Shop.
 43939 | Vaults:3 | Found a staircase to the Crypt.
 44104 | Vaults:3 | Found Umonih's Antique Armour Shoppe.
 45302 | Vaults:4 | Noticed Frederick
 45316 | Vaults:4 | Killed Frederick
 45320 | Vaults:4 | Noticed Margery
 45346 | Vaults:4 | Killed Margery
 45605 | Vaults:4 | Found a runed gate.
 45605 | Vaults:4 | Found a runed gate.
 45605 | Vaults:4 | Found a runed gate.
 45994 | Vaults:4 | Reached XP level 21. HP: 153/165 MP: 24/39
 46160 | Vaults:4 | Found Rakuxod's Book Boutique.
 46574 | Vaults:4 | Noticed Putrafox's ghost (veteran GrEE)
 46574 | Vaults:4 | Noticed Uzaajiss's ghost (veteran GnWz)
 46574 | Vaults:4 | Noticed Putrafox's ghost (veteran GrEE)
 46611 | Vaults:4 | Killed Putrafox's ghost
 46652 | Vaults:4 | Killed Uzaajiss's ghost
 46668 | Vaults:4 | Killed Putrafox's ghost
 46972 | Vaults:5 | Entered Level 5 of the Vaults
 47173 | Vaults:5 | HP: 8/166 [quicksilver dragon (16)]
 47234 | Vaults:5 | Noticed an ancient lich
 47266 | Vaults:5 | Killed an ancient lich
 47418 | Vaults:5 | Got a silver rune of Zot
 47500 | Vaults:5 | Reached skill level 15 in Invocations
 47650 | Vaults:5 | Got a pitted sapphire amulet
 47979 | Vaults:5 | Noticed an ancient lich
 48000 | Vaults:5 | Killed an ancient lich
 48000 | Vaults:5 | Reached XP level 22. HP: 160/173 MP: 37/40
 48155 | Vaults:5 | Reached skill level 15 in Spellcasting
 48452 | Vaults:5 | Identified the amulet of Gozag's Esteem {Regen+ Int+2} (You took it off a vault warden on level 5 of the Vaults)
 48533 | Vaults:5 | Reached skill level 15 in Fighting
 48533 | Vaults:5 | Reached skill level 15 in Maces & Flails
 48533 | Vaults:5 | Reached skill level 15 in Dodging
 48846 | Vaults:5 | Reached skill level 15 in Ice Magic
 49263 | Vaults:5 | Found Ywaanted's Gadget Emporium.
 49578 | Vaults:5 | Identified the +7 morningstar of Carchan {drain, +Fly} (You took it off an orc priest on level 5 of the Vaults)
 49711 | Vaults:5 | Identified the +3 scale mail "Rempov" {rElec rN++ MR+ Dex-5} (You found it on level 5 of the Vaults)
 49751 | Vaults:5 | Identified the cursed +0 ring mail "Hymoutic" {rC- rN+ Str+2} (You took it off an orc on level 5 of the Vaults)
 49827 | Vaults:4 | Bought a book of Clouds for 585 gold pieces
 49842 | Vaults:4 | Bought a manual of Fire Magic for 1435 gold pieces
 50434 | Swamp:3  | Got a pair of faintly humming boots
 50445 | Swamp:3  | Identified the cursed +0 pair of boots of Biaphoed {MR+ Str-5 Int+2 Slay+2} (You found it on level 3 of the Swamp)
 50813 | D:15     | Killed Haexig's ghost
 50874 | D:15     | Got a bloodstained triple crossbow
 50907 | D:15     | Identified the +10 triple crossbow of Rixzuuday {flame, rC+ Int-4 SInv} (You found it on level 15 of the Dungeon)
 51072 | Depths:1 | Entered Level 1 of the Depths
 51143 | Depths:1 | Reached XP level 23. HP: 166/178 MP: 38/42
 51174 | Depths:1 | Learned a level 6 spell: Freezing Cloud
 51415 | Depths:1 | Reached skill level 15 in Armour
 51547 | Depths:1 | Found a sparkling altar of Nemelex Xobeh.
 51618 | Depths:1 | Found a gateway to a ziggurat.
 51696 | Depths:1 | Found a gateway to Hell.
 51970 | Depths:1 | Found a one-way gate to the infinite horrors of the Abyss.
 52588 | Depths:2 | Reached skill level 15 in Short Blades
 52588 | Depths:2 | Reached skill level 15 in Long Blades
 52588 | Depths:2 | Reached skill level 15 in Axes
 52588 | Depths:2 | Reached skill level 15 in Polearms
 52588 | Depths:2 | Reached skill level 15 in Staves
 52588 | Depths:2 | Reached skill level 15 in Slings
 52588 | Depths:2 | Reached skill level 15 in Bows
 52588 | Depths:2 | Reached skill level 15 in Crossbows
 52588 | Depths:2 | Reached skill level 15 in Throwing
 52588 | Depths:2 | Reached skill level 15 in Stealth
 52588 | Depths:2 | Reached skill level 15 in Shields
 52588 | Depths:2 | Reached skill level 15 in Unarmed Combat
 52588 | Depths:2 | Reached skill level 15 in Evocations
 53281 | Depths:2 | Found a snail-covered altar of Cheibriados.
 53659 | Depths:3 | Reached XP level 24. HP: 152/185 MP: 2/42
 53974 | Depths:3 | Learned a level 5 spell: Aura of Abjuration
 55147 | Depths:4 | Identified Sif Muna's Compendium of Bewitchment and Earth
 56049 | Depths:5 | Entered Level 5 of the Depths
 56057 | Depths:5 | Noticed a juggernaut
 56067 | Depths:5 | Killed a juggernaut
 56133 | Depths:3 | Noticed an ancient lich
 56141 | Depths:3 | Killed an ancient lich
 56471 | Depths:3 | Reached XP level 25. HP: 197/197 MP: 43/43
 56905 | Depths:3 | Found a one-way gate leading to the halls of Pandemonium.
 56914 | Depths:3 | Noticed the Enchantress
 56926 | Depths:3 | Killed the Enchantress
 57429 | Depths:3 | Identified the +0 pair of gloves of the Everdark {rElec rPois Str+2} (You found it on level 3 of the Depths)
 57882 | Depths:5 | Reached skill level 15 in Fire Magic
 58030 | Depths:5 | Found a gate to the Realm of Zot.
 58453 | Depths:5 | Found Jasinir's Jewellery Shoppe.
 59053 | Hell     | Entered the Vestibule of Hell
 59053 | Hell     | Noticed Geryon
 59072 | Hell     | Killed Geryon
 60239 | Hell     | Reached XP level 26. HP: 206/207 MP: 43/43
 60355 | Hell     | Found a gateway to the ashen valley of Gehenna.
 60447 | Hell     | Found a gateway to the decaying netherworld of Tartarus.
 60456 | Hell     | Found a gateway to the Iron City of Dis.
 60602 | Hell     | Found a gateway to the freezing wastes of Cocytus.
 60785 | Hell     | Reached skill level 15 in Charms
 61263 | Vaults:4 | Bought a book of Beasts for 715 gold pieces
 61265 | Vaults:4 | Learned a level 1 spell: Summon Butterflies
 61593 | Elf:1    | Entered Level 1 of the Elven Halls
 61792 | Elf:1    | Got a steaming rapier
 61793 | Elf:1    | Identified the +4 rapier of Neelanuh {venom, rC+ Int+9} (You found it on level 1 of the Elven Halls)
 62508 | Elf:1    | Found Egotiom's Antique Weapon Emporium.
 62745 | Elf:2    | Found Teoqecs's Tempting Trifles.
 62745 | Elf:2    | Noticed Jorgrun
 62752 | Elf:2    | Killed Jorgrun
 62787 | Elf:2    | Bought a manual of Translocations for 1545 gold pieces
 62787 | Elf:2    | Bought a manual of Transmutations for 1545 gold pieces
 63016 | Elf:2    | Found a runed gate.
 63016 | Elf:2    | Found a runed gate.
 63016 | Elf:2    | Found a runed gate.
 63142 | Elf:2    | Found Cohuj's Book Shoppe.
 63265 | Elf:3    | Entered Level 3 of the Elven Halls
 63742 | Elf:3    | Found the +0 Maxwell's etheric cage {RegenMP+ *Contam rElec MP+4}
 63883 | Elf:3    | Identified the +9 flail "Baonug" {pain, rN+ Str+4} (You found it on level 3 of the Elven Halls)
 63901 | Elf:3    | Identified Sif Muna's Compendium of Supportive Unholy Secrets
 64016 | Elf:3    | Got a glittering ruby amulet
 64017 | Elf:3    | Identified the amulet "Zuodac" {Inacc Dex+2} (You found it on level 3 of the Elven Halls)
 65179 | Slime:1  | Entered Level 1 of the Pits of Slime
 65540 | Slime:4  | Reached XP level 27. HP: 169/215 MP: 25/44
 65676 | Slime:5  | Entered Level 5 of the Pits of Slime
 65691 | Slime:5  | Reached skill level 15 in Translocations
 65691 | Slime:5  | Reached skill level 15 in Transmutations
 65907 | Slime:4  | Paralysed by a floating eye for 3 turns
 66277 | Slime:5  | Found the amulet of the Air {Inacc +Fly rElec EV+5 RMsl}
 66278 | Slime:5  | Found a viscous altar of Jiyva.
 66279 | Slime:5  | Noticed the Royal Jelly
 66350 | Slime:4  | Learned a level 7 spell: Spellforged Servitor
 66367 | Slime:4  | Learned a level 7 spell: Orb of Destruction
 66550 | Slime:5  | Killed the Royal Jelly
 66979 | Slime:5  | Found the amulet of the Four Winds {rN+ MR+++ Clar}
 66994 | Slime:5  | Identified the cursed +1 long sword of Plunder {drain, MR+} (You found it on level 5 of the Pits of Slime)
 67121 | Slime:5  | Got a slimy rune of Zot
 67153 | Slime:5  | Got a distressingly furry plate armour
 67154 | Slime:5  | Identified the +5 plate armour "Ciqa Jeci" {rC- rN+ Regen+ SInv} (You found it on level 5 of the Pits of Slime)
 67158 | Slime:5  | Identified the +8 plate armour "Loxkuhe" {Str+6 Dex+3} (You found it on level 5 of the Pits of Slime)
 67889 | D:10     | Bought the ring of Dithmenos's Anger {rCorr rElec} for 374 gold pieces
 68489 | Vaults:4 | Bought a book of Annihilations for 1435 gold pieces
 68790 | D:10     | Bought a twisted helmet for 342 gold pieces
 68790 | D:10     | Bought a brightly glowing cloak for 342 gold pieces
 68790 | D:10     | Bought a pair of embroidered boots for 270 gold pieces
 68801 | D:10     | Identified the +2 helmet of Listlessness {rElec rPois rN+ Stlth+} (You bought it in a shop on level 10 of the Dungeon)
 68825 | D:10     | Identified the +1 cloak of the Lotus Blossom {-Tele MR+ Int+4} (You bought it in a shop on level 10 of the Dungeon)
 68865 | D:10     | Bought the cursed necklace of Bloodlust {*Rage +Rage MR++ Int-3 Slay+6 *Curse} for 1522 gold pieces
 68865 | D:10     | Found the cursed necklace of Bloodlust {*Rage +Rage MR++ Int-3 Slay+6 *Curse}
 68865 | D:10     | Bought the ring of Deimon {Wiz rF+} for 968 gold pieces
 68872 | D:10     | Bought the ring "Bintygan" {rF++ rC+ Int-4 Stlth+} for 406 gold pieces
 69036 | Orc:2    | Bought the ring of Jateruge {rPois rF+ Int+6 Stlth+} for 483 gold pieces
 69471 | Temple   | Fell from the grace of Gozag
 69471 | Temple   | Became a worshipper of the Shining One
 69803 | Depths:1 | Voluntarily entered the Abyss.
 69945 | Abyss:1  | Found a corrupted altar of Lugonu.
 70031 | Abyss:1  | Reached * piety under the Shining One
 70247 | Abyss:1  | Reached ** piety under the Shining One
 70551 | Abyss:2  | Reached *** piety under the Shining One
 70674 | Abyss:2  | Found a blossoming altar of Fedhas.
 70686 | Abyss:2  | Found a corrupted altar of Lugonu.
 70743 | Abyss:2  | Reached skill level 15 in Conjurations
 70743 | Abyss:2  | Reached skill level 15 in Hexes
 70743 | Abyss:2  | Reached skill level 15 in Summonings
 70743 | Abyss:2  | Reached skill level 15 in Necromancy
 70743 | Abyss:2  | Reached skill level 15 in Air Magic
 70743 | Abyss:2  | Reached skill level 15 in Earth Magic
 70743 | Abyss:2  | Reached skill level 15 in Poison Magic
 70759 | Abyss:2  | Reached **** piety under the Shining One
 70950 | Abyss:3  | Found a corrupted altar of Lugonu.
 70958 | Abyss:3  | Found a corrupted altar of Lugonu.
 71332 | Abyss:3  | Found a corrupted altar of Lugonu.
 71395 | Abyss:3  | Found a corrupted altar of Lugonu.
 71398 | Abyss:3  | Reached ***** piety under the Shining One
 71712 | Abyss:4  | Gained mutation: Potions are less effective at restoring your health. [a cacodemon]
 72028 | Abyss:4  | Reached ****** piety under the Shining One
 72228 | Abyss:4  | Paralysed by accursed screaming for 1 turns
 72302 | Abyss:4  | Paralysed by accursed screaming for 1 turns
 72304 | Abyss:4  | Paralysed by accursed screaming for 1 turns
 72493 | Abyss:4  | Lost mutation: Potions are less effective at restoring your health. [potion of mutation]
 72493 | Abyss:4  | Lost mutation: You have supernaturally acute eyesight. (SInv) [potion of mutation]
 72493 | Abyss:4  | Lost mutation: Your spells are a little harder to cast, but a little more powerful. [potion of mutation]
 72493 | Abyss:4  | Gained mutation: Armour fits poorly on your strangely shaped body. [potion of mutation]
 72493 | Abyss:4  | Gained mutation: You are partially covered in icy blue scales. (AC +2) [potion of mutation]
 72497 | Abyss:4  | Lost mutation: Armour fits poorly on your strangely shaped body. [potion of mutation]
 72497 | Abyss:4  | Lost mutation: You are partially covered in icy blue scales. (AC +2) [potion of mutation]
 72497 | Abyss:4  | Gained mutation: You are partially covered in yellow scales. (AC +2) [potion of mutation]
 72497 | Abyss:4  | Gained mutation: You have a pair of small horns on your head. [potion of mutation]
 72497 | Abyss:4  | Gained mutation: You passively map a small area around you. [potion of mutation]
 72613 | Depths:1 | Escaped the Abyss
 72776 | Depths:1 | Lost mutation: You have a pair of small horns on your head. [potion of mutation]
 72776 | Depths:1 | Lost mutation: You passively map a small area around you. [potion of mutation]
 72776 | Depths:1 | Lost mutation: You are resistant to hostile enchantments. (MR+) [potion of mutation]
 72776 | Depths:1 | Lost mutation: You are partially covered in yellow scales. (AC +2) [potion of mutation]
 72776 | Depths:1 | Gained mutation: You tend to lose your temper in combat. [potion of mutation]
 72776 | Depths:1 | Gained mutation: You are partially covered in large bone plates. (SH +4) [potion of mutation]
 73093 | Vaults:5 | Identified a +4 broad axe of holy wrath (a +2 broad axe blessed by the Shining One)
 73093 | Vaults:5 | Received a gift from the Shining One
 73454 | Orc:2    | Lost mutation: You tend to lose your temper in combat. [potion of mutation]
 73454 | Orc:2    | Lost mutation: You are partially covered in large bone plates. (SH +4) [potion of mutation]
 73454 | Orc:2    | Gained mutation: Your magical capacity is low. (-10% MP) [potion of mutation]
 73454 | Orc:2    | Gained mutation: You are resistant to hostile enchantments. (MR+) [potion of mutation]
 73837 | Crypt:1  | Entered Level 1 of the Crypt
 73893 | Crypt:1  | Learned a level 6 spell: Statue Form
 75234 | Crypt:3  | Entered Level 3 of the Crypt
 75458 | Crypt:3  | Found a staircase to the Tomb.
 75524 | Crypt:3  | Found an ancient bone altar of Kikubaaqudgha.
 75524 | Crypt:3  | Noticed an ancient lich
 75527 | Crypt:3  | Killed an ancient lich
 75560 | Crypt:3  | Found the +5 scythe "Finisher" {speed, Str+3}
 75609 | Tomb:1   | Entered Level 1 of the Tomb of the Ancients
 76161 | Tomb:1   | Noticed a greater mummy
 76173 | Tomb:1   | Killed a greater mummy
 76275 | Tomb:1   | Learned a level 3 spell: Lesser Beckoning
 76322 | Tomb:1   | Noticed a greater mummy
 76330 | Tomb:1   | Killed a greater mummy
 76570 | Tomb:1   | Noticed Jory
 76574 | Tomb:1   | Killed Jory
 76586 | Tomb:1   | Identified the ring "Ukkum" {Ice Str-2 Dex+6 Stlth+} (You took it off a mummy priest on level 1 of the Tomb of the Ancients)
 78082 | Geh:1    | Entered Level 1 of Gehenna
 78209 | Geh:1    | Was forgiven by Gozag
 80340 | Geh:6    | Gained mutation: Your magical capacity is very low. (-20% MP) [mutagenic glow]
 80383 | Geh:6    | Gained mutation: You are resistant to electric shocks. (rElec) [mutagenic glow]
 80423 | Geh:7    | Entered Level 7 of Gehenna
 80842 | Geh:7    | Found the +0 sword of Power
 81047 | Geh:7    | Identified the +6 lajatang "Maddunoz" {freeze, +Inv rElec Dex+2} (You found it on level 7 of Gehenna)
 81069 | Geh:7    | Noticed Asmodeus
 81090 | Geh:7    | Killed Asmodeus
 81093 | Geh:7    | Found the ring of Phasing {EV+8}
 81117 | Geh:7    | Got an obsidian rune of Zot
 81394 | Hell     | Learned a level 8 spell: Ignition
 81445 | Dis:1    | Entered Level 1 of the Iron City of Dis
 82129 | Dis:3    | Gained mutation: Armour fits poorly on your strangely shaped body. [a cacodemon]
 82468 | Dis:3    | Found a burning altar of Makhleb.
 83217 | Dis:7    | Entered Level 7 of the Iron City of Dis
 83386 | Dis:7    | Gained mutation: Your body sometimes deteriorates upon taking damage. [mutagenic glow]
 83538 | Hell     | Lost mutation: You are resistant to hostile enchantments. (MR+) [potion of mutation]
 83538 | Hell     | Lost mutation: Armour fits poorly on your strangely shaped body. [potion of mutation]
 83538 | Hell     | Lost mutation: Your body sometimes deteriorates upon taking damage. [potion of mutation]
 83538 | Hell     | Lost mutation: Your magical capacity is very low. (-20% MP) [potion of mutation]
 83538 | Hell     | Gained mutation: You are frail. (-10% HP) [potion of mutation]
 83538 | Hell     | Gained mutation: You are partially covered in yellow scales. (AC +2) [potion of mutation]
 83732 | Tar:1    | Entered Level 1 of Tartarus
 84886 | Tar:6    | Upgraded the game from 0.22-a0-558-gc224181 to 0.22-a0-565-gfc6459a
 85025 | Tar:6    | HP: 2/202 [hellion/damnation (29)]
 85028 | Tar:6    | The Shining One protects you from harm!
 85030 | Tar:6    | Killed from afar by a hellion

Vault maps used:
D:1:      scummos_arrival_checkerplants
D:2:      evilmike_ruin_ashenzari, uniq_crazy_yiuf_cottage
D:3:      uniq_natasha
D:4:      ebering_ghost_sewer_d, first_ration
D:5:      nicolae_overflow_hidden_temple, minmay_temple_entry_enclosed_plants,
          grunt_decor_one_mirror
D:6:      nicolae_ru_path_of_blood, uniq_pikel
D:7:      serial_shops, shop, the_bakery
D:8:      lemuel_coloured_pillars_altar, uniq_erica
D:10:     kennysheep_ambush_hall, david_lair_shrubbed
D:11:     minmay_cut_squares, minmay_orc_entry_temple_small, serial_shops,
          nicolae_shop_temple_entry_statues_fountains,
          nicolae_shop_temple_entry_statues_fountains, shop, shop, shop,
          uniq_psyche
D:12:     serial_shops, nicolae_shop_crystal, lab_entry_generic,
          stair_cage_cross
D:13:     wad_guarded_room, david_vaults_4, st_stairs_7
D:14:     enter_bailey_3, billiards_dpeg
D:15:     grunt_enter_depths_giant_problem, muffindrake_ghost_dual_entry,
          portal_ice_cave_entry_ice_beasts, nicolae_qazlal_style_of_elements,
          uniq_nessos
Temple:   dpeg_five_rooms_temple
Lair:1:   gammafunk_lair_bear_cave, serial_bayou_shore_b
Lair:2:   infiniplex_staircase_pool, uniq_sonja, uniq_fannar
Lair:3:   minmay_swamp_entry_worms, spider_nest_entry_rubble,
          kennysheep_abandoned_house
Lair:4:   pond_and_an_island_with_a_cottage, uniq_kirke
Lair:5:   minmay_slime_entry_jelly_boxes, lemuel_fruit_tree
Lair:6:   hangedman_lair_tendril_chambers, wormcave
Swamp:1:  hangedman_swamp_diagram
Swamp:2:  nicolae_swamp_feature_on_the_river_bank, swamp_pool3
Swamp:3:  infiniplex_staircase_pool_2
Swamp:4:  swamp_icy, swamp_pool2, uniq_roxanne, uniq_louise
Spider:1: uniq_donald, uniq_azrael
Spider:3: nicolae_spider_stair_cavern
Spider:4: guppyfry_spider_rune, hangedman_spider_tarantella_strand
Slime:1:  cheibrodos_slime_lost_civilization_7
Orc:1:    nicolae_orc_stony_grotto, okawaru_metal_pillars_1_2
Orc:2:    st_orc_elflike, uniq_maurice, uniq_snorg
Elf:1:    eino_elf_arrival_sip, serial_shops, nicolae_shop_statue_plus,
          hangedman_elf_disciples, minmay_checkered_concentric_circles
Elf:2:    serial_shops, shop, nicolae_alphabet_shops,
          serial_sigils_hangedman_stare, uniq_jorgrun
Elf:3:    grunt_elf_hall_spiral, hangedman_elf_power_crystal,
          grunt_ministairs_1, spider_trap, minivault_16,
          kennysheep_underground_church
Vaults:1: gammafunk_vaults_ghost_spectres, vaults_room_grid, vaults_dpeg_spiral,
          vaults_room_fours, ontoclasm_vaults_chip, ontoclasm_vaults_spin,
          ontoclasm_vaults_gallery, vaults_room_stairs_pillars,
          vaults_dpeg_encased_lava, vaults_standard_mumra_enter_the_diamond
Vaults:2: ontoclasm_vaults_bender, ontoclasm_vaults_idyll,
          hangedman_vaults_impose, hangedman_vaults_river_flow,
          hangedman_vaults_cutoff, ontoclasm_vaults_pinch, vaults_dpeg_hooks,
          vaults_room_pool, uniq_mennas
Vaults:3: hangedman_vaults_cutoff, v_misc_9, v_misc_22,
          minmay_crypt_entry_simple_plaza, grunt_vaults_focal, v_misc_14,
          hangedman_vaults_maws, nicolae_vaults_quadrants, v_alt_pattern_4,
          ontoclasm_vaults_ring_square, v_pattern_5, serial_shops, shop,
          nicolae_shop_behind_doors
Vaults:4: gammafunk_vaults_ghost_cemetery, nicolae_vaults_asterisk, v_misc_8,
          hangedman_vaults_stagger, v_pattern_1, nicolae_vaults_network_star,
          v_misc_8, v_misc_31, nicolae_vaults_three_branches, vaults_mumra_hex,
          nicolae_vaults_little_squares_5, nicolae_vaults_little_squares_4,
          ontoclasm_vaults_loading_screen, serial_shops, shop, uniq_margery,
          uniq_frederick
Crypt:2:  st_stairs_12, grunt_megastairs_3
Crypt:3:  cryptofortress_bobbens
Tomb:1:   uniq_jory
Depths:1: enter_ziggurat_d, serial_sigils, serial_sigils_hangedman_leer,
          serial_sigils_hangedman_carve, serial_sigils_hangedman_snap,
          serial_sigils_hangedman_snap, serial_sigils_hangedman_clutch,
          serial_sigils_hangedman_snap, pf_hell_entry_tar_spiral,
          minmay_room_of_horrors, mu_enter_wizlab_3, minmay_misc_feat_iff,
          nicolae_lava_and_water, nemelex_xobeh_ov_fountains_minmay
Depths:2: pf_snail_temple, serial_bayou_lagoon_a, hell_entry,
          minmay_staircase_statues_hall_small
Depths:3: lemuel_river_lethe, hell_entry, pan_entry, uniq_enchantress
Depths:4: minmay_spiral_squares, hangedman_abyss_entry_splay, pf_coc_iceberg,
          minmay_staircase_windowed_small
Depths:5: grunt_zot_entry_pinwheel, hangedman_abyss_or_decor_lesser_grid,
          serial_shops, nicolae_shop_behind_doors, marbit_kobold_abyss_entry,
          grunt_mini_vestibule, grunt_pan_entry_in_and_out, minmay_misc_feat_x,
          grunt_ministairs_11
Dis:3:    kennysheep_iron_temple, nicolae_dis_iron_filings
Dis:7:    iron_city_of_dis
Geh:1:    grunt_megastairs_1
Geh:3:    gehenna_fire_generator
Geh:4:    nicolae_geh_amphitheater, nicolae_geh_single_fiery_grave,
          lemuel_hellion_isle
Geh:7:    geh_grunt
Tar:6:    nicolae_tar_cuneiform_not, nicolae_tar_fractal_crypt
Abyss:3:  nicolae_abyss_rune_star_stuff
Abyss:4:  evilmike_abyss_exit_1
Bailey:   bailey_axe_2, bailey
IceCv:    ice_cave_small_necro

Skill      XL: |  1  2  3  4  5  6  7  8  9 10 11 12 13 14 15 16 17 18 19 20 21 22 23 24 25 26 27 |
---------------+----------------------------------------------------------------------------------+-----
Spellcasting   | 5 6 7 8 9 10 11 12 13 14 15 16 17 20 | 20.4
Invocations    | 1 2 3 4 5 6 7 8 9 10 11 12 13 14 15 16 17 18 21 | 21.5
Short Blades   | 1 2 3 4 5 6 7 8 9 10 11 12 13 14 15 16 17 22 | 22.6
Long Blades    | 1 2 3 4 5 6 7 8 9 10 11 12 13 14 15 16 17 20 | 20.0
Axes           | 1 2 3 4 5 6 7 8 9 10 11 12 13 14 15 16 17 20 | 20.0
Polearms       | 1 2 3 4 5 6 7 8 9 10 11 12 13 14 15 16 17 20 | 20.0
Staves         | 1 2 3 4 5 6 7 8 9 10 11 12 13 14 15 16 17 20 | 20.0
Slings         | 1 2 3 4 5 6 7 8 9 10 11 12 13 14 15 16 17 20 | 20.3
Bows           | 1 2 3 4 5 6 7 8 9 10 11 12 13 14 15 16 17 20 | 20.0
Crossbows      | 1 2 3 4 5 6 7 8 9 10 11 12 13 14 15 16 17 20 | 20.0
Throwing       | 1 2 3 4 5 6 7 8 9 10 11 12 13 14 15 16 17 20 | 20.0
Stealth        | 1 2 3 4 5 6 7 8 9 10 11 12 13 14 15 16 17 20 | 20.0
Shields        | 1 2 3 4 5 6 7 8 9 10 11 12 13 14 15 16 17 20 | 20.0
Unarmed Combat | 1 2 3 4 5 6 7 8 9 10 11 12 13 14 15 16 17 20 | 20.0
Evocations     | 1 2 3 4 5 6 7 8 9 10 11 12 13 14 15 16 17 20 | 20.0
Conjurations   | 1 2 3 4 5 6 7 8 9 10 11 12 13 14 17 | 17.3
Hexes          | 1 2 3 4 5 6 7 8 9 10 11 12 13 14 17 | 17.3
Summonings     | 1 2 3 4 5 6 7 8 9 10 11 12 13 14 17 | 17.3
Necromancy     | 1 2 3 4 5 6 7 8 9 10 11 12 13 14 17 | 17.3
Translocations | 1 2 3 4 5 6 7 8 9 10 11 12 13 14 19 | 19.7
Transmutations | 1 2 3 4 5 6 7 8 9 10 11 12 13 14 19 | 19.7
Fire Magic     | 1 2 3 4 5 6 7 8 9 10 11 12 13 14 15 16 20 | 20.7
Ice Magic      | 1 2 3 4 5 6 7 8 9 11 12 13 14 15 16 17 18 22 | 22.0
Air Magic      | 1 2 3 4 5 6 7 8 9 10 11 12 13 14 17 | 17.3
Earth Magic    | 1 2 3 4 5 6 7 8 9 10 11 12 13 14 17 | 17.3
Poison Magic   | 1 2 3 4 5 6 7 8 9 10 11 12 13 14 17 | 17.3
Armour         | 3 4 5 6 7 8 9 10 11 12 13 14 15 16 17 20 | 20.1
Fighting       | 5 6 7 8 9 10 11 12 13 14 15 16 17 20 | 20.4
Maces & Flails | 5 6 7 8 9 10 11 12 13 14 15 16 17 20 | 20.4
Dodging        | 5 6 7 8 9 10 11 12 13 14 15 16 17 20 | 20.4
Charms         | 6 7 8 9 10 11 12 13 14 15 18 | 18.0

Action                   |  1- 3 |  4- 6 |  7- 9 | 10-12 | 13-15 | 16-18 | 19-21 | 22-24 | 25-27 || total
-------------------------+-------+-------+-------+-------+-------+-------+-------+-------+-------++-------
Melee: Mace              |   123 |   110 |       |       |       |       |       |       |       ||   233
       Bite              |     6 |    14 |    42 |    71 |   186 |   233 |   222 |   260 |   793 ||  1827
       Flail             |       |    66 |    36 |       |       |       |       |       |       ||   102
       Whip              |       |       |   302 |   113 |    27 |    12 |       |       |       ||   454
       Punch             |       |       |    10 |     2 |       |       |       |       |       ||    12
       Dire flail        |       |       |       |   636 |   137 |       |       |       |       ||   773
       Katana            |       |       |       |       |  1045 |  1255 |   982 |  1225 |  1970 ||  6477
       Unarmed           |       |       |       |       |     2 |       |    98 |       |       ||   100
       Broad axe         |       |       |       |       |       |       |       |       |  2622 ||  2622
       Headbutt          |       |       |       |       |       |       |       |       |     4 ||     4
 Cast: Shroud of Golubri |       |    11 |    20 |    48 |    25 |     5 |       |       |       ||   109
       Infusion          |       |     8 |    16 |    36 |     9 |       |       |       |       ||    69
       Song of Slaying   |       |     2 |     5 |    17 |    21 |    15 |     4 |    13 |     3 ||    80
       Spectral Weapon   |       |     1 |     2 |    11 |     5 |       |       |       |       ||    19
       Regeneration      |       |       |     3 |    17 |    17 |     8 |     8 |    10 |     8 ||    71
       Fireball          |       |       |       |       |       |    31 |    13 |    22 |    70 ||   136
       Cause Fear        |       |       |       |       |       |    12 |     1 |       |     2 ||    15
       Borgnjor's Vile C |       |       |       |       |       |     7 |    40 |    28 |    31 ||   106
       Olgreb's Toxic Ra |       |       |       |       |       |    24 |    27 |    11 |       ||    62
       Silence           |       |       |       |       |       |       |     5 |     1 |       ||     6
       Freezing Cloud    |       |       |       |       |       |       |       |    22 |    53 ||    75
       Aura of Abjuratio |       |       |       |       |       |       |       |     1 |    10 ||    11
       Summon Butterflie |       |       |       |       |       |       |       |       |    13 ||    13
       Orb of Destructio |       |       |       |       |       |       |       |       |    17 ||    17
       Statue Form       |       |       |       |       |       |       |       |       |    14 ||    14
       Lesser Beckoning  |       |       |       |       |       |       |       |       |     5 ||     5
       Ignition          |       |       |       |       |       |       |       |       |     4 ||     4
       Passage of Golubr |       |       |       |       |       |       |       |       |     2 ||     2
       Spellforged Servi |       |       |       |       |       |       |       |       |     2 ||     2
       Yara's Violent Un |       |       |       |       |       |       |       |       |     1 ||     1
Invok: Call Merchant     |       |       |       |       |     2 |       |       |       |    10 ||    12
       Cleansing Flame   |       |       |       |       |       |       |       |       |     8 ||     8
       Divine Shield     |       |       |       |       |       |       |       |       |     4 ||     4
       Summon Divine War |       |       |       |       |       |       |       |       |     1 ||     1
       Brand Weapon With |       |       |       |       |       |       |       |       |     1 ||     1
 Abil: Evoke Invisibilit |       |       |       |     2 |     1 |       |       |       |       ||     3
       Evoke Flight      |       |       |       |       |       |       |       |     1 |       ||     1
Evoke: Lightning rod     |       |       |       |       |       |       |     4 |       |       ||     4
       Wand              |       |       |       |       |       |       |       |       |     7 ||     7
  Use: Scroll            |       |     5 |     3 |    13 |    18 |     5 |     4 |    12 |    48 ||   108
       Potion            |       |       |     3 |     4 |     4 |     3 |    12 |     3 |    24 ||    53
 Stab: Sleeping          |     1 |       |     2 |       |     8 |    11 |    18 |    12 |    26 ||    78
       Distracted        |       |       |     2 |     4 |    18 |    16 |     7 |    19 |    23 ||    89
       Invisible         |       |       |       |     7 |     2 |       |       |       |       ||     9
       Confused          |       |       |       |       |       |     1 |       |       |       ||     1
  Eat: Chunk             |     3 |     6 |     5 |       |       |       |       |       |    12 ||    26
       Ration            |       |       |     3 |     8 |    15 |    11 |     8 |     9 |    27 ||    81
Armor: Leather armour    |    33 |    50 |    71 |       |       |       |       |       |       ||   154
       Chain mail        |       |       |    15 |   401 |   438 |   477 |   272 |   261 |  1098 ||  2962
       Skin              |       |       |       |    42 |       |       |       |       |    82 ||   124
Dodge: Dodged            |   121 |   155 |   215 |   479 |   527 |   718 |   417 |   492 |  1841 ||  4965
Block: Buckler           |       |       |       |       |   267 |   216 |       |       |       ||   483
       Shield            |       |       |       |       |       |   340 |   514 |   637 |  3464 ||  4955
       Rpst.: Katana     |       |       |       |       |   111 |   119 |    80 |    83 |   164 ||   557

Table legend:
 A = Spawn XP
 B = Non-spawn XP
 C = Spawn XP percentage of total XP
 D = Spawn monster count
 E = Non-spawn monster count
 F = Spawn count percentage of total count
 G = Total turns spent on level
                    A         B        C        D         E        F      G
               +---------+---------+-------+---------+---------+-------+---------
         Total |   53099 | 2161612 |   2.4 |      97 |    3827 |   2.5 | 85030
               +---------+---------+-------+---------+---------+-------+---------
           D:1 |       0 |      46 |   0.0 |       0 |      27 |   0.0 |   878
           D:2 |       0 |      78 |   0.0 |       0 |      17 |   0.0 |  1256
           D:3 |       0 |     154 |   0.0 |       0 |      32 |   0.0 |   872
           D:4 |       0 |     637 |   0.0 |       0 |      33 |   0.0 |  1557
           D:5 |       0 |    1470 |   0.0 |       0 |      23 |   0.0 |  1335
           D:6 |       0 |    1704 |   0.0 |       0 |      25 |   0.0 |  1061
           D:7 |       0 |    1041 |   0.0 |       0 |      32 |   0.0 |  1417
           D:8 |       0 |    3610 |   0.0 |       0 |      27 |   0.0 |  1527
           D:9 |       0 |    1740 |   0.0 |       0 |      33 |   0.0 |  1312
          D:10 |       0 |    4554 |   0.0 |       0 |      31 |   0.0 |  2102
          D:11 |       0 |    7509 |   0.0 |       0 |      58 |   0.0 |  2490
          D:12 |       0 |    5044 |   0.0 |       0 |      46 |   0.0 |  1289
          D:13 |       0 |   19393 |   0.0 |       0 |      50 |   0.0 |  2160
          D:14 |       0 |   15313 |   0.0 |       0 |      49 |   0.0 |  1176
          D:15 |       0 |   25067 |   0.0 |       0 |      50 |   0.0 |  1240
        Lair:1 |       0 |    3404 |   0.0 |       0 |      26 |   0.0 |   878
        Lair:2 |       0 |    2097 |   0.0 |       0 |       7 |   0.0 |   544
        Lair:3 |       0 |    7338 |   0.0 |       0 |      34 |   0.0 |  1578
        Lair:4 |       0 |    5908 |   0.0 |       0 |      25 |   0.0 |  1870
        Lair:5 |       0 |    6377 |   0.0 |       0 |      43 |   0.0 |   650
        Lair:6 |       0 |   20352 |   0.0 |       0 |      65 |   0.0 |  1857
       Swamp:1 |       0 |   10815 |   0.0 |       0 |      24 |   0.0 |   796
       Swamp:2 |       0 |    8060 |   0.0 |       0 |      19 |   0.0 |  1189
       Swamp:3 |       0 |   13266 |   0.0 |       0 |      34 |   0.0 |  1233
       Swamp:4 |       0 |   21446 |   0.0 |       0 |      63 |   0.0 |  1456
      Spider:1 |       0 |   26521 |   0.0 |       0 |      72 |   0.0 |  1037
      Spider:2 |       0 |   12914 |   0.0 |       0 |      28 |   0.0 |   936
      Spider:3 |       0 |   16288 |   0.0 |       0 |      44 |   0.0 |  1104
      Spider:4 |       0 |   42077 |   0.0 |       0 |      77 |   0.0 |  1271
       Slime:1 |       0 |    5820 |   0.0 |       0 |      13 |   0.0 |   203
       Slime:2 |       0 |    3694 |   0.0 |       0 |       6 |   0.0 |   106
       Slime:3 |       0 |    3170 |   0.0 |       0 |      11 |   0.0 |    71
       Slime:4 |       0 |   22872 |   0.0 |       0 |      36 |   0.0 |   991
       Slime:5 |       0 |   57579 |   0.0 |       0 |      63 |   0.0 |  1229
         Orc:1 |       0 |    5349 |   0.0 |       0 |      48 |   0.0 |  1303
         Orc:2 |       0 |   11042 |   0.0 |       0 |      55 |   0.0 |  2368
         Elf:1 |       0 |   35297 |   0.0 |       0 |      56 |   0.0 |  1206
         Elf:2 |       0 |   16413 |   0.0 |       0 |      21 |   0.0 |   527
         Elf:3 |       0 |   66326 |   0.0 |       0 |      67 |   0.0 |  1646
      Vaults:1 |       0 |   40618 |   0.0 |       0 |      66 |   0.0 |  2665
      Vaults:2 |       0 |   41948 |   0.0 |       0 |      66 |   0.0 |  2084
      Vaults:3 |       0 |   68938 |   0.0 |       0 |     104 |   0.0 |  2112
      Vaults:4 |       0 |   76614 |   0.0 |       0 |      79 |   0.0 |  2976
      Vaults:5 |       0 |  157879 |   0.0 |       0 |     123 |   0.0 |  2638
       Crypt:1 |       0 |   15951 |   0.0 |       0 |      32 |   0.0 |   588
       Crypt:2 |       0 |   39492 |   0.0 |       0 |      49 |   0.0 |   884
       Crypt:3 |       0 |   64342 |   0.0 |       0 |      85 |   0.0 |   911
        Tomb:1 |       0 |   54778 |   0.0 |       0 |      46 |   0.0 |  1387
      Depths:1 |     785 |   48399 |   1.6 |       1 |      71 |   1.4 |  1368
      Depths:2 |       0 |   84179 |   0.0 |       0 |     107 |   0.0 |  1642
      Depths:3 |       0 |   84056 |   0.0 |       0 |     128 |   0.0 |  1943
      Depths:4 |       0 |   92945 |   0.0 |       0 |      83 |   0.0 |  2146
      Depths:5 |       0 |   70257 |   0.0 |       0 |      76 |   0.0 |  2044
          Hell |       0 |   52137 |   0.0 |       0 |      71 |   0.0 |  1310
         Dis:1 |       0 |   23974 |   0.0 |       0 |      70 |   0.0 |   461
         Dis:2 |       0 |    4219 |   0.0 |       0 |      13 |   0.0 |   148
         Dis:3 |       0 |   38518 |   0.0 |       0 |      90 |   0.0 |   478
         Dis:4 |       0 |   17163 |   0.0 |       0 |      32 |   0.0 |   129
         Dis:5 |       0 |   18419 |   0.0 |       0 |      44 |   0.0 |   291
         Dis:6 |       0 |   15126 |   0.0 |       0 |      31 |   0.0 |   265
         Dis:7 |       0 |   31387 |   0.0 |       0 |      27 |   0.0 |   319
         Geh:1 |       0 |   54067 |   0.0 |       0 |     113 |   0.0 |   894
         Geh:2 |       0 |   13522 |   0.0 |       0 |      22 |   0.0 |   122
         Geh:3 |       0 |   22211 |   0.0 |       0 |      46 |   0.0 |   330
         Geh:4 |       0 |   30724 |   0.0 |       0 |      49 |   0.0 |   200
         Geh:5 |       0 |   32941 |   0.0 |       0 |      55 |   0.0 |   468
         Geh:6 |       0 |   34488 |   0.0 |       0 |      55 |   0.0 |   327
         Geh:7 |       0 |   94945 |   0.0 |       0 |     111 |   0.0 |   952
         Tar:1 |       0 |   28972 |   0.0 |       0 |      30 |   0.0 |   262
         Tar:2 |       0 |   50880 |   0.0 |       0 |      66 |   0.0 |   348
         Tar:3 |       0 |    9104 |   0.0 |       0 |      12 |   0.0 |   196
         Tar:4 |       0 |   11228 |   0.0 |       0 |      23 |   0.0 |    80
         Tar:5 |       0 |   17144 |   0.0 |       0 |      30 |   0.0 |   167
         Tar:6 |       0 |   24340 |   0.0 |       0 |      36 |   0.0 |   245
       Abyss:1 |    6870 |   14676 |  31.9 |      10 |      18 |  35.7 |   557
       Abyss:2 |    5049 |   13251 |  27.6 |      13 |      19 |  40.6 |   512
       Abyss:3 |    8836 |   12484 |  41.4 |      13 |      20 |  39.4 |   673
       Abyss:4 |   31559 |   36640 |  46.3 |      60 |      71 |  45.8 |  1068
        Bailey |       0 |     347 |   0.0 |       0 |      34 |   0.0 |   304
         IceCv |       0 |    6524 |   0.0 |       0 |      54 |   0.0 |   523
               +---------+---------+-------+---------+---------+-------+---------
